 Dungeon Crawl Stone Soup version 0.27.0-1-g7a089689b8 (webtiles) character file.

Game seed: 813500115403819923

171 horus123 the Conjurer (level 5, -2/28 HPs)
             Began as a Deep Elf Conjurer on Aug 1, 2021.
             Was a Believer of Zin.
             Slain by an orc (4 damage)
             ... on level 4 of the Dungeon.
             The game lasted 00:16:45 (2967 turns).

horus123 the Conjurer (Deep Elf Conjurer)           Turns: 2967, Time: 00:16:46

Health: -2/28      AC:  3    Str:  4    XL:     5   Next: 26%
Magic:  5/13       EV: 12    Int: 24    God:    Zin [**....]
Gold:   43         SH:  0    Dex: 13    Spells: 3/12 levels left

rFire    . . .     SeeInvis .   e - staff of cold
rCold    + . .     Faith    .   (no shield)
rNeg     . . .     Spirit   .   a - +1 robe
rPois    .         Reflect  .   (no helmet)
rElec    .         Harm     .   (no cloak)
rCorr    .         Rampage  .   (no gloves)
Will     .....                  (no boots)
Stlth    ++........             (no amulet)
HPRegen  0.09/turn              (no ring)
MPRegen  0.13/turn              (no ring)

@: no status effects
A: no striking features
a: Renounce Religion, Recite, Vitalisation, Donate Gold


You were on level 4 of the Dungeon.
You worshipped Zin.
Zin was pleased with you.
You visited 1 branch of the dungeon, and saw 4 of its levels.

You collected 170 gold pieces.
You spent 90 gold pieces at shops.
You donated 37 gold pieces to Zin.

Inventory:

Armour
 a - a +1 robe (worn)
Magical Staves
 e - a staff of cold (weapon)
Potions
 c - a potion of might {unknown}
 d - a potion of lignification
 f - a potion of berserk rage
 g - 2 potions of haste {unknown}
 i - 2 potions of curing


   Skills:
 + Level 3.0 Dodging
 + Level 3.3 Stealth
 + Level 4.4 Spellcasting
 + Level 6.1 Conjurations


You had 3 spell levels left.
You knew the following spells:

 Your Spells              Type           Power      Damage    Failure   Level
a - Magic Dart            Conj           100%       1d8       1%          1
b - Searing Ray           Conj           68%        3d5       1%          2
c - Dazzling Flash        Conj/Hex       40%        N/A       8%          3
d - Mephitic Cloud        Conj/Pois/Air  15%        N/A       12%         3

Your spell library contained the following spells:

 Spells                   Type           Power      Damage    Failure   Level
 Call Imp                 Summ           5%         N/A       14%         2
 Ozocubu's Armour         Ice            7%         N/A       28%         3
 Portal Projectile        Hex/Tloc       10%        N/A       28%         3
 Tukima's Dance           Hex            5%         N/A       28%         3
 Fulminant Prism          Conj/Hex       10%        3d9       26%         4
 Iskenderun's Mystic Bla  Conj/Tloc      20%        2d6       26%         4
 Passage of Golubria      Tloc           N/A        N/A       67%         4
 Blade Hands              Tmut           2%         N/A       95%         5
 Excruciating Wounds      Necr           2%         N/A       95%         5
 Yara's Violent Unravell  Hex/Tmut       2%         3d3       95%         5
 Ozocubu's Refrigeration  Ice            3%         4d5       100%        7


Dungeon Overview and Level Annotations

Branches:
Dungeon (4/15)
 Temple: D:4-7

Altars:
Ashenzari
Kikubaaqudgha
Zin
Beogh


Message History

An orc comes into view. It is wielding a +0 short sword.
The orc shouts!
You hear a shout!
You see here Great Wizards, Vol.
VII.
You pick up Great Wizards, Vol.
VII and begin reading...
You add the spells Tukima's Dance, Passage of Golubria and Yara's Violent Unravelling to your library.
The howler monkey closely misses you.
The howler monkey hoots and howls with incredible vigour!
You hear an angry hiss.
You hear a shout!
You hear a croak.
The quokka closely misses you.
You see here a book of Weapons.
You pick up a book of Weapons and begin reading...
You add the spells Portal Projectile, Excruciating Wounds and Blade Hands to your library.
The howler monkey barely misses you. The quokka bites you.
This spell is extremely dangerous to cast!
Memorise Portal Projectile, consuming 3 spell levels and leaving 0?
The howler monkey closely misses you. The quokka bites you.
Your memorisation is interrupted.
An orc comes into view. It is wielding a +0 short sword.
The orc hits you with a +0 short sword.
The howler monkey hoots and howls with incredible vigour!
Okay, then.
As you read the scroll labelled ABLURAU SYKIE, it crumbles to dust.
The scroll dissolves into smoke.
It was a scroll of fog.
The quokka barely misses you. The howler monkey hits you.
The orc closely misses you.
As you read the scroll labelled ETIXTE GOXEU, it crumbles to dust.
It is a scroll of enchant armour.
Your +0 robe glows green for a moment.
The quokka closely misses you. The howler monkey barely misses you.
The orc barely misses you. The quokka bites you.
* * * LOW HITPOINT WARNING * * *
The orc hits you with a +0 short sword.
* * * LOW HITPOINT WARNING * * *
A bullfrog comes into view.
The howler monkey hits you.
* * * LOW HITPOINT WARNING * * *
The orc hits you but does no damage. The orc barely misses you.
The bullfrog moves out of view.
The orc hits you with a +0 short sword.
You die...

#.# #.#
#.#######
#..........
#...#..#..#
#..........
#§§§§§.).F.
#rO§o.....
#§oo#l.#..#
#§h@§......
###########


You could see an ogre, a bullfrog (wandering), a howler monkey, an iguana, 3
orcs and a quokka.

Vanquished Creatures
  2 jellies (D:4)
  An orc wizard (D:3)
  3 adders
  An adder skeleton (D:4)
  A worm (D:3)
  A dart slug (D:2)
  3 orcs (D:3)
  7 endoplasms
  4 giant cockroaches
  2 goblins
  3 hobgoblins (D:1)
  3 jackals (D:1)
  5 kobolds
  A quokka (D:3)
  7 ball pythons
  3 bats (D:2)
  2 frilled lizards (D:3)
  A jackal skeleton (D:4)
  A rat (D:2)
51 creatures vanquished.

Notes
Turn   | Place    | Note
-------+----------+-------------------------------------------
     0 | D:1      | horus123 the Deep Elf Conjurer began the quest for the Orb.
     0 | D:1      | Reached XP level 1. HP: 10/10 MP: 6/6
   306 | D:1      | Reached XP level 2. HP: 15/15 MP: 5/8
   309 | D:1      | Learned a level 2 spell: Searing Ray
   509 | D:1      | Reached skill level 5 in Conjurations
   846 | D:2      | Reached XP level 3. HP: 19/19 MP: 5/9
  1093 | D:2      | Learned a level 3 spell: Dazzling Flash
  1671 | D:3      | Reached XP level 4. HP: 24/24 MP: 0/11
  1826 | D:3      | Found a faded altar of an unknown god.
  1829 | D:3      | Became a worshipper of Zin the Law-Giver
  1829 | D:3      | Reached * piety under Zin
  1829 | D:3      | Reached ** piety under Zin
  1855 | D:3      | Found Zin's Purification Station.
  1866 | D:3      | Found a glowing silver altar of Zin.
  1880 | D:3      | Bought a potion of curing for 90 gold pieces
  1995 | D:3      | Learned a level 3 spell: Mephitic Cloud
  2002 | D:3      | Found a broken altar of Ashenzari.
  2002 | D:3      | Found an ancient bone altar of Kikubaaqudgha.
  2671 | D:4      | Donated 20 gold pieces to Zin
  2699 | D:4      | Reached skill level 6 in Conjurations
  2731 | D:4      | Reached XP level 5. HP: 27/28 MP: 3/13
  2898 | D:4      | Noticed an ogre
  2967 | D:4      | Slain by an orc

Illustrated notes

Levels and vault maps discovered:
D:1:      lightli_arrival_lavapool, layout_basic
D:2:      layout_rooms, serial_aquarium, aquarium_bridge_straight
          [aquarium_subvault_bridge, aquarium_subvault_wall,
          aquarium_subvault_bridge, aquarium_subvault_window],
          aquarium_window_corridor_3, aquarium_window_corner, aquarium_window_2,
          aquarium_window_2, aquarium_view_2b, aquarium_view_2c,
          aquarium_balcony_3b, item_on_display_a
D:3:      layout_loops_ring, zin_purify, mainiacjoe_overflow_divided_tiny,
          hellmonk_ecumenical_altar_defaced_shrine, roderic_roman_lattice,
          minmay_crystal_water
D:4:      layout_loops_ring, temple_hall

Skill      XL: |  1  2  3  4 |
---------------+-------------+-----
Conjurations   | 5 6 |  6.1
Stealth        | 3 |  3.3
Dodging        | 3 |  3.0
Spellcasting   | 4 |  4.4

Action                   |  1- 3 |  4- 6 || total
-------------------------+-------+-------++-------
Melee: Staff             |     3 |       ||     3
 Cast: Magic Dart        |    59 |    27 ||    86
       Searing Ray       |     5 |     3 ||     8
       Dazzling Flash    |     1 |     4 ||     5
Invok: Donate Gold       |       |     1 ||     1
       Recite            |       |     2 ||     2
  Use: Scroll            |     3 |     3 ||     6
Armor: Robe              |       |     1 ||     1
Dodge: Dodged            |     8 |    17 ||    25
